 Dungeon Crawl Stone Soup version 0.30-a0-364-gf6b3ef1049 (webtiles) character file.

Game seed: 12558805062311746383

4559 Heh the Blocker (level 10, 0/72 HPs)
             Began as an Octopode Fighter on Nov 14, 2022.
             Was a Follower of Okawaru.
             Slain by Amaemon
             ... wielding a -1 demon whip of venom
              (15 damage)
             ... on level 8 of the Dungeon.
             The game lasted 00:11:06 (8377 turns).

Heh the Blocker (Octopode Fighter)                  Turns: 8377, Time: 00:11:06

Health: 0/72       AC:  5    Str: 10    XL:     10   Next: 40%
Magic:  8/10       EV: 17    Int: 17    God:    Okawaru [*.....]
Gold:   382        SH: 18    Dex: 14    Spells: 9/9 levels left

rFire   + . .      SeeInvis .    b - +8 falchion of Collusion {vorpal, rF+ rC+ rN+ Str-5}
rCold   + . .      Faith    .    h - +0 tower shield
rNeg    + . .      Spirit   .    (helmet restricted)
rPois   .          Reflect  .    f - amulet of magic regeneration
rElec   .          Harm     .    l - +4 ring of protection
rCorr   .          Rampage  .    t - +6 ring of intelligence
Will    .....                    (no ring)
Stlth   ++++......               (no ring)
HPRegen 0.32/turn                (no ring)
MPRegen 0.52/turn                (no ring)
                                 (no ring)
                                 (no ring)

@: heroic, hasted, very quick
A: almost no armour, amphibious, 8 rings, camouflage 1, gelatinous body 1,
(nimble swimmer 1), tentacles, antennae 2, clumsy 1, sense surroundings 1
a: Renounce Religion, Heroism


You were on level 8 of the Dungeon.
You worshipped Okawaru.
Okawaru was aware of your devotion.
You visited 1 branch of the dungeon, and saw 8 of its levels.

You collected 382 gold pieces.

Inventory:

Hand Weapons
 b - the +8 falchion of Collusion (weapon) {vorpal, rF+ rC+ rN+ Str-5}
   (You found it on level 4 of the Dungeon)

   It inflicts extra damage upon your enemies.
   Str:       It affects your strength (-5).
   rF:        It protects you from fire.
   rC:        It protects you from cold.
   rN:        It protects you from negative energy.
 i - a +1 dagger of venom
 p - a +0 mace
 u - a +0 scythe of distortion
 B - a +3 dagger
 D - a +1 whip of freezing
Missiles
 v - 3 javelins (quivered)
Armour
 a - a +0 buckler
 h - a +0 tower shield (worn)
Jewellery
 f - an amulet of magic regeneration (around mantle)
 l - a +4 ring of protection (left tentacle)
 r - a ring of fire
 t - a +6 ring of intelligence (right tentacle)
 x - an amulet of regeneration
Wands
 o - a wand of acid (1)
 y - a wand of mindburst (8)
Scrolls
 c - a scroll of silence
 g - 2 scrolls of enchant weapon {unknown}
 j - 2 scrolls of butterflies {unknown}
 m - 5 scrolls of vulnerability {unknown}
 n - 5 scrolls of blinking {unknown}
 q - 7 scrolls of identify {unknown}
 s - a scroll of torment {unknown}
 w - 2 scrolls of magic mapping {unknown}
 A - a scroll of poison {unknown}
 C - 2 scrolls of teleportation {unknown}
 E - a scroll of enchant armour {unknown}
Potions
 e - 2 potions of heal wounds {unknown}
 k - 5 potions of lignification
 F - a potion of degeneration {unknown}


   Skills:
 + Level 8.3(13.3) Fighting
 + Level 4.7(9.7) Long Blades
 + Level 7.6(12.6) Dodging
 * Level 9.8(14.8) Shields
 - Level 2.8(7.8) Unarmed Combat


You had 9 spell levels left.
You didn't know any spells.
Your spell library contained the following spells:

 Spells                   Type           Power      Damage    Failure   Level
 Freeze                   Ice            0%         1d3       65%         1
 Necrotise                Necr           0%         1d4       65%         1
 Cigotuvi's Dreadful Rot  Necr/Pois/Air  0%         N/A       78%         2
 Poisonous Vapours        Pois/Air       0%         N/A       78%         2
 Frozen Ramparts          Ice            0%         1d1       95%         3
 Hailstorm                Conj/Ice       0%         3d3       95%         3
 Mephitic Cloud           Conj/Pois/Air  0%         N/A       95%         3
 Vampiric Draining        Necr           0%         2d6       95%         3
 Agony                    Necr           0%         N/A       100%        5


Dungeon Overview and Level Annotations

Branches:
Dungeon (8/15)             Temple (0/1) D:7            Lair (0/5) D:8

Altars:
Ashenzari
Cheibriados
Makhleb
Okawaru
Sif Muna
Uskayaw

Shops:
D:2 :

Annotations:
D:5 2 runed translucent doors, porpoise's ghost, novice DjFE
D:6 4 runed translucent doors, Cancer's ghost, novice GrEE; Crazy Yiuf
D:8 Amaemon


Innate Abilities, Weirdness & Mutations

You cannot wear most types of armour.
You are amphibious.
You can wear up to eight rings at the same time.
Your skin changes colour to match your surroundings (Stealth+).
Your rubbery body absorbs attacks. (AC +1, EV +1)
((You are camouflaged when in or above water. (Stealth+)))
You have tentacles for arms and can constrict up to eight enemies at once.
You have a pair of antennae on your head.
You are clumsy. (Dex -2)
You passively map a small area around you.


Message History

Amaemon is lightly wounded.
Your attacks no longer feel as feeble.
You constrict Amaemon. Amaemon hits you but does no damage.
You are poisoned.
You block Amaemon's attack. Amaemon barely misses you.
You hit Amaemon. You squeeze Amaemon.
Amaemon is moderately wounded.
You constrict Amaemon.
You feel very sick. You block Amaemon's attack.
Amaemon claws you but does no damage. Amaemon tail-slaps you.
You block the ice beast's attack.
Amaemon hits you with a -1 demon whip of venom!
You are more poisoned.
Amaemon claws you! Amaemon tail-slaps you.
You slash the ice beast!
You kill the ice beast!
Okawaru accepts your kill.
You constrict Amaemon, but do no damage.
You feel extremely sick. Amaemon closely misses you. Amaemon claws you!
Amaemon tail-slaps you.
You are lethally poisoned!
Amaemon poisons you!
You slash Amaemon!
Amaemon is heavily wounded.
You constrict Amaemon!
* * * LOW HITPOINT WARNING * * *
You feel extremely sick. You block Amaemon's attack. Amaemon claws you!
* * * LOW HITPOINT WARNING * * *
Amaemon closely misses you.
Okay, then.
Okay, then.
You feel better.
You constrict Amaemon. You block Amaemon's attack. Amaemon closely misses you.
You block Amaemon's attack.
You feel yourself speed up.
You constrict Amaemon. You block Amaemon's attack. Amaemon closely misses you.
Amaemon barely misses you.
You gain the combat prowess of a mighty hero.
You constrict Amaemon.
Amaemon hits you with a -1 demon whip of venom!
You die...

..#..#...≈...#...... ,
#.###..#...#..#........
,
#..##.##...##.#........
##..#...P.PP..#........
, ,
#.#≈..P>PP.≈#......., *
.#...PPPP..#..... , . ,
#####.##..P##.#...# .$#
...##..#...#..#.6.#.....
##...#...≈...#..@?......
........###.............
#..............##.......
.........#.####.........
..######.#.(....#.......
,
...##..........##.......
........................
###.....................
###............


You could see Amaemon.

Vanquished Creatures
  Pikel (D:3)
  An orange demon (D:8)
  Grinder (D:6)
  A hornet (D:8)
  Prince Ribbit (D:7)
  Sigmund (D:3)
  A wraith (D:7)
  Edmund (D:5)
  2 water moccasins
  A black bear (D:4)
  2 ice beasts
  3 ogres
  4 centaurs
  3 phantoms
  A kobold brigand (D:8)
  3 bullfrogs
  Blork the orc (D:6)
  2 necrophages
  5 scorpions
  2 jellies
  A gnoll bouda (D:7)
  2 hounds
  2 orc priests (D:4)
  2 iguanas
  3 iron imps (D:3)
  Natasha (thrice) (D:3)
  2 orc wizards
  Ijyb (D:3)
  12 gnolls
  7 adders
  3 worms
  4 dart slugs
  14 orcs
  5 endoplasms
  5 giant cockroaches
  6 goblins
  6 hobgoblins
  2 jackals (D:2)
  7 quokkas
  3 ball pythons
  7 bats
  2 frilled lizards
  15 kobolds
  2 rats
153 creatures vanquished.

Vanquished Creatures (others)
  A plant (D:8)
1 creature vanquished.

Grand Total: 154 creatures vanquished

Notes
Turn   | Place    | Note
-------+----------+-------------------------------------------
     0 | D:1      | Heh the Octopode Fighter began the quest for the Orb.
     0 | D:1      | Reached XP level 1. HP: 16/16 MP: 1/1
   207 | D:1      | Reached XP level 2. HP: 21/21 MP: 2/2
  1025 | D:2      | Reached XP level 3. HP: 25/26 MP: 3/3
  1129 | D:2      | Found Gimuczea's Book Emporium.
  1221 | D:2      | Reached XP level 4. HP: 33/33 MP: 4/4
  1958 | D:3      | Noticed Sigmund
  1968 | D:3      | Killed Sigmund
  1969 | D:3      | Reached skill level 5 in Fighting
  1969 | D:3      | Reached skill level 4 in Shields
  1969 | D:3      | Reached XP level 5. HP: 23/39 MP: 5/5
  1969 | D:3      | Reached XP level 6. HP: 26/45 MP: 6/6
  2079 | D:3      | Noticed Natasha
  2084 | D:3      | Killed Natasha
  2178 | D:3      | Found a broken altar of Ashenzari.
  2179 | D:3      | Found a hide-covered altar of Uskayaw.
  2222 | D:3      | Noticed Natasha
  2229 | D:3      | Killed Natasha
  2272 | D:3      | Found a burning altar of Makhleb.
  2295 | D:3      | Reached XP level 7. HP: 43/50 MP: 7/7
  2352 | D:3      | Noticed Natasha
  2359 | D:3      | Killed Natasha
  2471 | D:3      | Found an iron altar of Okawaru.
  2717 | D:3      | Identified the +0 leather armour "Idox" {Harm Drain rC-
                  | Will+++}
  2717 | D:3      | Noticed Ijyb
  2726 | D:3      | Killed Ijyb
  2921 | D:4      | HP: 1/51 [gnoll/+0 spear (4)]
  3170 | D:4      | Reached skill level 5 in Shields
  3310 | D:4      | Noticed Pikel
  3341 | D:3      | Killed Pikel
  3342 | D:3      | Reached skill level 5 in Dodging
  3342 | D:3      | Reached skill level 6 in Shields
  3342 | D:3      | Reached XP level 8. HP: 19/58 MP: 8/8
  3526 | D:4      | Gained mutation: Your spells are a little harder to cast,
                  | but a little more powerful. [potion of mutation]
  3551 | D:4      | HP: 3/87 [black bear (2)]
  3554 | D:4      | HP: 1/87 [black bear (4)]
  3957 | D:4      | Identified the +8 falchion of Collusion {vorpal, rF+ rC+
                  | rN+ Str-5}
  4253 | D:5      | Entered Level 5 of the Dungeon
  4339 | D:5      | Reached skill level 7 in Shields
  4353 | D:5      | Noticed Edmund
  4359 | D:5      | Killed Edmund
  4360 | D:5      | Reached skill level 1 in Long Blades
  4478 | D:5      | Reached XP level 9. HP: 47/64 MP: 9/9
  4622 | D:5      | Found a large runed translucent door.
  4623 | D:5      | Found a large runed translucent door.
  5339 | D:5      | Noticed porpoise's ghost (novice DjFE)
  5420 | D:6      | Reached skill level 8 in Shields
  5728 | D:6      | Lost mutation: Your spells are a little harder to cast, but
                  | a little more powerful. [potion of mutation]
  5728 | D:6      | Gained mutation: Your mind is acute. (Int +4, Str/Dex -1)
                  | [potion of mutation]
  5728 | D:6      | Gained mutation: Your spells are a little harder to cast,
                  | but a little more powerful. [potion of mutation]
  5729 | D:6      | Lost mutation: Your mind is acute. (Int +4, Str/Dex -1)
                  | [potion of mutation]
  5729 | D:6      | Lost mutation: Your spells are a little harder to cast, but
                  | a little more powerful. [potion of mutation]
  5729 | D:6      | Gained mutation: You have a pair of small antennae on your
                  | head. [potion of mutation]
  5729 | D:6      | Gained mutation: You passively map a small area around you.
                  | [potion of mutation]
  5729 | D:6      | Gained mutation: You are clumsy. (Dex -2) [potion of
                  | mutation]
  5729 | D:6      | Gained mutation: You have a pair of antennae on your head.
                  | [potion of mutation]
  5958 | D:6      | Found a runed translucent gate.
  5958 | D:6      | Found a runed translucent gate.
  5958 | D:6      | Found a runed translucent gate.
  5959 | D:6      | Noticed Cancer's ghost (novice GrEE)
  6033 | D:6      | Noticed Blork the orc
  6040 | D:6      | Killed Blork the orc
  6190 | D:6      | Noticed Grinder
  6196 | D:6      | Paralysed by Grinder for 4 turns
  6202 | D:6      | Killed Grinder
  6267 | D:6      | Found a runed translucent door.
  6268 | D:6      | Noticed Crazy Yiuf
  6832 | D:3      | Became a worshipper of Warmaster Okawaru
  7238 | D:7      | Found a snail-covered altar of Cheibriados.
  7295 | D:7      | Reached skill level 9 in Shields
  7403 | D:7      | Found a staircase to the Ecumenical Temple.
  7557 | D:7      | Reached XP level 10. HP: 65/72 MP: 10/10
  7631 | D:7      | Noticed Prince Ribbit
  7639 | D:7      | Killed Prince Ribbit
  7639 | D:7      | Reached * piety under Okawaru
  7844 | D:7      | Found a shimmering blue altar of Sif Muna.
  8158 | D:8      | Found a staircase to the Lair.
  8311 | D:8      | Noticed an orange demon
  8312 | D:8      | Noticed Amaemon
  8324 | D:8      | Killed an orange demon
  8377 | D:8      | Slain by Amaemon

Illustrated notes

Levels and vault maps discovered:
D:1:      lemuel_arrival_hallway, layout_loops_corners
D:2:      layout_basic, serial_shops, nicolae_shop_trees
D:3:      layout_basic, mainiacjoe_overflow_divided_tiny,
          lemuel_coloured_pillars_altar, demons_altar, uniq_natasha,
          uniq_sigmund, uniq_ijyb
D:4:      layout_basic, uniq_pikel
D:5:      layout_loops_corners, ebering_ghost_disaster_area, uniq_edmund
D:6:      layout_basic, gammafunk_ghost_necromancy, uniq_grinder,
          uniq_blork_the_orc, uniq_crazy_yiuf_cottage
D:7:      layout_basic, nicolae_sif_muna_little_library, slow_altar_1,
          minmay_temple_entry_trees, uniq_prince_ribbit1
D:8:      layout_rooms, dpeg_oklobed_lair, nicolae_transporter_circle,
          uniq_amaemon

Skill      XL: |  1  2  3  4  5  6  7  8  9 10 |
---------------+-------------------------------+-----
Fighting       | 5 6 7 8 |  8.3
Dodging        | 4 5 6 7 |  7.6
Shields        | 4 6 7 9 |  9.8
Long Blades    | 1 3 4 |  4.7
Unarmed Combat | |  2.8

Action                   |  1- 3 |  4- 6 |  7- 9 | 10-12 || total
-------------------------+-------+-------+-------+-------++-------
Melee: Unarmed           |    16 |       |       |       ||    16
       Tentacles         |    10 |    16 |    44 |    15 ||    85
       Constrict         |    11 |    25 |    39 |    10 ||    85
       Punch             |     4 |       |     9 |     1 ||    14
       Dagger            |    31 |    67 |    90 |       ||   188
       Falchion          |       |       |   122 |    60 ||   182
Throw: Javelin           |       |       |     3 |       ||     3
Invok: Heroism           |       |       |       |     1 ||     1
Evoke: Wand              |       |     1 |       |     2 ||     3
  Use: Potion            |       |       |    13 |     2 ||    15
       Scroll            |       |       |     1 |       ||     1
 Stab: Sleeping          |     7 |     6 |     9 |     1 ||    23
       Distracted        |     1 |       |       |       ||     1
Armor: Skin              |     3 |     8 |   142 |     5 ||   158
Dodge: Dodged            |    14 |    19 |    96 |    37 ||   166
Block: Tower shield      |    13 |    35 |   203 |    62 ||   313

Table legend: (Time is in decaauts)
 A = Elapsed time spent in this place.
 B = Non-inter-level travel time spent in this place.
 C = Inter-level travel time spent in this place.
 D = Time resting spent in this place.
 E = Time spent auto-exploring this place.
 F = Levels seen in this place.
 G = Mean time per level.
                   A        B        C        D        E       F      G
               +--------+--------+--------+--------+--------+-----+--------+
         Total |   8541 |   7916 |    625 |    327 |   6279 |   8 | 1067.6 |
       Dungeon |   8541 |   7916 |    625 |    327 |   6279 |   8 | 1067.6 |
               +--------+--------+--------+--------+--------+-----+--------+

Top non-repeatable levels by time:
     D:6: 1670 daAuts
     D:3: 1283 daAuts
     D:4: 1219 daAuts
     D:5: 1158 daAuts
     D:1: 998 daAuts
     D:7: 970 daAuts
     D:2: 919 daAuts
     D:8: 320 daAuts
